 Dungeon Crawl Stone Soup version 0.27.0-1-g7a089689b8 (webtiles) character file.

Game seed: 15455958164051019968

37 freelancePsychic the Ruffian (level 3, -4/29 HPs)
             Began as a Draconian Transmuter on Aug 12, 2021.
             Slain by a sky beast (5 damage)
             ... on level 3 of the Dungeon.
             The game lasted 00:03:13 (1961 turns).

freelancePsychic the Ruffian (Draconian Transmuter) Turns: 1961, Time: 00:03:14

Health: -4/29      AC:  5    Str: 12    XL:     3   Next: 23%
Magic:  6/6        EV: 12    Int: 14    God:
Gold:   80         SH:  0    Dex: 11    Spells: 5/6 levels left

rFire    . . .     SeeInvis .     - Unarmed
rCold    . . .     Faith    .   (no shield)
rNeg     . . .     Spirit   .   (armour unavailable)
rPois    .         Reflect  .   (helmet restricted)
rElec    .         Harm     .   (no cloak)
rCorr    .         Rampage  .   (no gloves)
Will     .....                  (no boots)
Stlth    +.........             (no amulet)
HPRegen  0.09/turn              g - +4 ring of slaying
MPRegen  0.10/turn              (no ring)

@: no status effects
A: AC +5, unfitting armour, cold-blooded
a: no special abilities


You were on level 3 of the Dungeon.
You visited 1 branch of the dungeon, and saw 3 of its levels.

You collected 80 gold pieces.

Inventory:

Armour
 j - a +0 buckler
Jewellery
 g - a +4 ring of slaying (left hand)
Wands
 f - a wand of flame (18)
Potions
 a - 2 potions of attraction
 b - 2 potions of degeneration {unknown}
 c - 4 potions of mutation {unknown}
 d - a potion of invisibility {unknown}
 e - a potion of berserk rage {unknown}
 k - a potion of haste {unknown}
 l - a potion of magic {unknown}


   Skills:
 + Level 1.9 Fighting
 - Level 1.7 Dodging
 * Level 3.7 Unarmed Combat
 - Level 2.0 Spellcasting
 + Level 2.5 Transmutations


You had 5 spell levels left.
You knew the following spells:

 Your Spells              Type           Power      Damage    Failure   Level
a - Beastly Appendage     Tmut           16%        N/A       9%          1

Your spell library contained the following spells:

 Spells                   Type           Power      Damage    Failure   Level
 Wereblood                Tmut           8%         N/A       13%         2
 Spider Form              Tmut/Pois      2%         N/A       38%         3
 Gell's Gravitas          Tloc           0%         N/A       56%         3
 Lesser Beckoning         Tloc           0%         N/A       56%         3
 Teleport Other           Tloc           1%         N/A       56%         3
 Ice Form                 Ice/Tmut       4%         N/A       80%         4


Dungeon Overview and Level Annotations

Branches:
Dungeon (3/15)

Altars:
Qazlal

Annotations:
D:2 Sigmund


Innate Abilities, Weirdness & Mutations

Your plain brown scales are hard. (AC +5)
You cannot fit into any form of body armour.
You are cold-blooded and may be slowed by cold attacks.


Message History

You don't have any such object.
Evoke which item? (* to show all) (? for menu, Esc to quit)
Okay, then.
You closely miss the sky beast.
Your tail-slap misses the sky beast.
The sky beast is moderately wounded.
The sky beast hits you. The sky beast shocks you.
The sky beast flickers out of sight!
Deactivating autopickup; reactivate with Ctrl-A.
A sky beast appears from thin air!
Reactivating autopickup.
The sky beast flickers out of sight!
Deactivating autopickup; reactivate with Ctrl-A.
A sky beast appears from thin air!
Reactivating autopickup.
The sky beast barely misses you.
You open the door.
The sky beast hits you but does no damage.
There is an open door here.
You hit the sky beast.
The sky beast is heavily wounded.
The sky beast hits you. The sky beast shocks you.
The sky beast flickers out of sight!
Deactivating autopickup; reactivate with Ctrl-A.
A sky beast appears from thin air!
Reactivating autopickup.
The sky beast flickers out of sight!
Deactivating autopickup; reactivate with Ctrl-A.
There is a stone staircase leading down here.
Something hits you. Something shocks you.
* * * LOW HITPOINT WARNING * * *
You climb downwards.
Reactivating autopickup.
There is a stone staircase leading up here.
Deactivating autopickup; reactivate with Ctrl-A.
You miss something. Your punch misses something.
Something hits you but does no damage. Something hits you.
* * * LOW HITPOINT WARNING * * *
Something shocks you.
You die...

###
#.#
#.#
##.#
..#
#.#
#@#
###


There were no monsters in sight!

Vanquished Creatures
  A gnoll (D:1)
  An adder (D:2)
  A ball python (D:2)
  An endoplasm (D:1)
  4 goblins
  2 hobgoblins
  2 quokkas
  A frilled lizard (D:1)
  2 kobolds (D:1)
  2 rats (D:1)
17 creatures vanquished.

Notes
Turn   | Place    | Note
-------+----------+-------------------------------------------
     0 | D:1      | freelancePsychic the Draconian Transmuter began the quest
                  | for the Orb.
     0 | D:1      | Reached XP level 1. HP: 16/16 MP: 3/3
   216 | D:1      | Reached XP level 2. HP: 15/23 MP: 3/5
   549 | D:1      | Found a faded altar of an unknown god.
  1250 | D:2      | Found a stormy altar of Qazlal.
  1266 | D:2      | Reached XP level 3. HP: 29/29 MP: 6/6
  1701 | D:2      | Noticed Sigmund
  1842 | D:3      | Noticed a sky beast
  1961 | D:3      | HP: 1/29 [something (4)]
  1961 | D:3      | Slain by a sky beast

Illustrated notes

Levels and vault maps discovered:
D:1:      minmay_arrival_pointy, layout_loops_ring,
          ebering_ecumenical_altar_rust
D:2:      minmay_chambers_of_twos, layout_loops_corners, basic_altar,
          minmay_misc_feat_tower, uniq_sigmund
D:3:      layout_basic, minmay_misc_feat_square, uniq_grinder

Action                   || total
-------------------------++-------
Melee: Unarmed           ||    57
       Kick              ||     5
       Tailslap          ||     4
       Headbutt          ||     1
 Cast: Beastly Appendage ||     5
Evoke: Wand              ||     2
  Use: Scroll            ||     2
Armor: Skin              ||    11
Dodge: Dodged            ||    39
